 Dungeon Crawl Stone Soup version 0.21-a0-404-g291f19a (webtiles) character file.

48 Moloch the Conjurer (level 3, -2/24 HPs)
             Began as a Demonspawn Wizard on Oct 30, 2017.
             Slain by a gnoll
             ... wielding a +0 whip
              (6 damage)
             ... on level 2 of the Dungeon.
             The game lasted 00:02:48 (1751 turns).

Moloch the Conjurer (Demonspawn Wizard)             Turns: 1751, Time: 00:02:49

Health: -2/24      AC:  2    Str:  7    XL:     3   Next: 50%
Magic:  1/7        EV: 12    Int: 20    God:
Gold:   16         SH:  0    Dex: 11    Spells: 0/8 levels left

rFire    . . .     SeeInvis .   (no weapon)
rCold    . . .     Gourm    .   (no shield)
rNeg     . . .     Faith    .   a - +0 robe
rPois    .         Spirit   .   b - +0 hat
rElec    .         Reflect  .   (no cloak)
rCorr    .         Harm     .   (no gloves)
MR       .....                  (no boots)
Stlth    ++........             (no amulet)
HPRegen  0.08/turn              (no ring)
MPRegen  0.10/turn              (no ring)

@: no status effects
A: rot immunity
a: no special abilities


You were on level 2 of the Dungeon.
You were not hungry.

You visited 1 branch of the dungeon, and saw 2 of its levels.

You collected 16 gold pieces.

Inventory:

Armour
 a - a +0 robe (worn)
 b - a +0 hat (worn)
Scrolls
 e - 2 scrolls of remove curse {unknown}
 g - a scroll of magic mapping {unknown}
 h - 2 scrolls of teleportation {unknown}
 m - a scroll of identify {unknown}
 o - a scroll of fear {unknown}
Potions
 f - a potion of curing {unknown}
 j - a potion of brilliance {unknown}
 l - a potion of ambrosia {unknown}
 n - a potion of degeneration {unknown}
Books
 c - a book of Minor Magic

   Spells                             Type                      Level
   a - Magic Dart                     Conjuration                  1
   b - Blink                          Translocation                2
   c - Call Imp                       Summoning                    2
   d - Slow                           Hexes                        2
   e - Conjure Flame                  Conjuration/Fire             3
   f - Mephitic Cloud                 Conjuration/Poison/Air       3
Comestibles
 d - a bread ration
 i - a meat ration
 k - a royal jelly


   Skills:
 - Level 1.7 Dodging
 - Level 1.7 Stealth
 - Level 3.0 Spellcasting
 + Level 3.5 Conjurations
 - Level 1.0 Summonings
 - Level 0.8 Translocations


You couldn't memorise any spells.
You knew the following spells:

 Your Spells              Type           Power        Failure   Level  Hunger
a - Magic Dart            Conj           ###.         3%          1    None
b - Blink                 Tloc           N/A          16%         2    ##.....
c - Call Imp              Summ           #.......     14%         2    ##.....
d - Mephitic Cloud        Conj/Pois/Air  #.......     26%         3    ###....


Dungeon Overview and Level Annotations

Branches:
Dungeon (2/15)

Altars:
Hepliaklqana
Ru
Sif Muna


Innate Abilities, Weirdness & Mutations

You are immune to rotting.


Message History

Press: ? - help, Shift-Dir - straight line, f/p - gnoll
Aim: a gnoll, wielding a whip (heavily wounded)
The magic dart hits the gnoll.
The gnoll is heavily wounded.
The gnoll hits you with a whip.
Casting: Magic Dart
Confirm with . or Enter, or press ? or * to list all spells.
You don't have enough magic to cast that spell.
Casting: Magic Dart
Confirm with . or Enter, or press ? or * to list all spells.
You don't have enough magic to cast that spell.
Casting: Magic Dart
Confirm with . or Enter, or press ? or * to list all spells.
You don't have enough magic to cast that spell.
You struggle against the net.
The gnoll barely misses you.
You struggle against the net.
The gnoll hits you with a whip.
You struggle against the net.
The gnoll hits you with a whip!
* * * LOW HITPOINT WARNING * * *
You rip the net and break free!
The gnoll hits you with a whip.
You die...

##..#P.P.#.#.###....#..#
#P.'...⌠#.#.#......#..#
#8.#PPP.#.#)#......#..#
#..#8..##.(...._......#
###.#...#...#......#.###
#.#.####### #......#.#
..### #....###.# ##..#
#.####g....# #..#
#.....@##### #..#
#####..# #..# #.## #..#
##.# #..# #..#
#..##########.##
#.............#
#.##########.## #.# #.#


You could see a gnoll.

Vanquished Creatures
  A gnoll (D:2)
  An adder (D:2)
  A worm (D:2)
  2 giant cockroaches (D:1)
  2 goblins (D:1)
  A hobgoblin (D:2)
  4 jackals
  4 kobolds
  A ball python (D:1)
  3 bats
  4 frilled lizards
  3 rats (D:1)
27 creatures vanquished.

Notes
Turn   | Place    | Note
-------+----------+-------------------------------------------
     0 | D:1      | Moloch the Demonspawn Wizard began the quest for the Orb.
     0 | D:1      | Reached XP level 1. HP: 13/13 MP: 4/4
   458 | D:1      | Gained mutation: You are immune to rotting. [demonic ancestry]
   458 | D:1      | Reached XP level 2. HP: 19/19 MP: 1/6
   462 | D:1      | Learned a level 2 spell: Blink
   465 | D:1      | Learned a level 2 spell: Call Imp
  1174 | D:2      | Reached XP level 3. HP: 22/24 MP: 1/7
  1248 | D:2      | Found a deep blue altar of Sif Muna.
  1260 | D:2      | Found a sacrificial altar of Ru.
  1407 | D:2      | Learned a level 3 spell: Mephitic Cloud
  1518 | D:2      | Found a faded altar of an unknown god.
  1640 | D:2      | Found a hazy altar of Hepliaklqana.
  1751 | D:2      | Slain by a gnoll

Vault maps used:
D:1:      nzn_arrival_depleted_hourglass
D:2:      lemuel_doored_altar, nicolae_ru_the_path_less_chosen,
          nicolae_overflow_crystal_walls, chequers_ecumenical_altar_lobes,
          kennysheep_generic_room_4

Skill      XL: |  1  2 |
---------------+-------+-----
Conjurations   | 2 3 |  3.5
Dodging        | |  1.7
Stealth        | |  1.7
Spellcasting   | |  3.0
Summonings     | |  1.0
Translocations | |  0.8

Action                   || total
-------------------------++-------
 Cast: Magic Dart        ||    74
       Call Imp          ||     1
  Eat: Chunk             ||     2
Armor: Robe              ||     4
Dodge: Dodged            ||    22

Table legend:
 A = Spawn XP
 B = Non-spawn XP
 C = Spawn XP percentage of total XP
 D = Spawn monster count
 E = Non-spawn monster count
 F = Spawn count percentage of total count
 G = Total turns spent on level
                    A         B        C        D         E        F      G
               +---------+---------+-------+---------+---------+-------+---------
         Total |       0 |      69 |   0.0 |       0 |      27 |   0.0 |  1751
               +---------+---------+-------+---------+---------+-------+---------
           D:1 |       0 |      22 |   0.0 |       0 |      15 |   0.0 |  1075
           D:2 |       0 |      47 |   0.0 |       0 |      12 |   0.0 |   676
               +---------+---------+-------+---------+---------+-------+---------
